 Dungeon Crawl Stone Soup version bcrawl-1.38b (webtiles) character file.

Game seed: 7445072956934102156

692502 pecorinoman the Warrior (level 16, -30/182 HPs)
             Began as an Ogre Transmuter on Mar 17, 2023.
             Was the Champion of Ashenzari.
             Killed from afar by a servant of whispers (40 damage)
             ... with a bolt of lightning
             ... in the Desolation of Salt on Mar 18, 2023.
             The game lasted 01:21:27 (19485 turns).

pecorinoman the Warrior (Ogre Transmuter)          Turns: 19485, Time: 01:21:27

Health: -30/182    AC:  2    Str: 18    XL:     16   Next: 95%
Magic:  28/28      EV: 46    Int: 18    God:    Ashenzari [******]
Gold:   2218       SH:  0    Dex: 15    Spells: 14/32 levels left

rFire    . . .     GDR:     27%   - Fangs (venom) (43.0)
rCold    . . .     SeeInvis +   (shield currently unavailable)
rNeg     . . .     Gourm    .   (armour currently unavailable)
rPois    x         Faith    .   (helmet currently unavailable)
rElec    .         Spirit   .   (cloak currently unavailable)
rCorr    .         Reflect  .   (gloves unavailable)
MR       +....     Clarity  +   (boots unavailable)
Stlth    +.........             n - amulet of regeneration (curse)
HPRegen  1.24/turn              r - +4 ring of evasion (curse)
MPRegen  0.21/turn              W - ring of Phasing {EV+8} (curse)

@: lethally poisoned (-30 -> -31), spider-form
A: tiny, unfitting armour
a: End Transformation, Curse Item, Scrying, Transfer Knowledge, Renounce
Religion


You were in the Desolation of Salt.
You worshipped Ashenzari.
Ashenzari was exalted by your worship.
You were not hungry.
You were a venomous arachnid creature.
You visited 4 branches of the dungeon, and saw 20 of its levels.
You also visited: Sewer, Volcano and Desolation.

You collected 2218 gold pieces.

Inventory:

Hand Weapons
 o - a cursed +0 whip (melded)
 C - the +2 mace "Eterphedi" {drain, +Inv Int+8 Stlth-}
   (You found it on level 6 of the Dungeon)

   A truly terrible weapon, it drains the life of those it strikes.
   It affects your intelligence (+8).
   It lets you turn invisible.
   It makes you less stealthy.
Missiles
 a - 1612 arrows
 V - 2 throwing nets {=f}
Armour
 b - a cursed +0 troll leather armour (melded)
 G - a cursed +0 cloak (melded)
 Q - a cursed +2 hat (melded)
 U - a cursed +0 medium shield (melded)
Jewellery
 d - the ring "Zuysk" {MP+9 Slay+3}
   (You found it in the Desolation of Salt)

   [ring of slaying]

   It affects your accuracy and damage with ranged weapons and melee attacks
   (+3).
   It affects your magic capacity (+9).
 m - the ring of the Tempest {Ice Str+4}
   (You found it on level 2 of the Dungeon)

   [ring of ice]

   It enhances your ice magic.
   It affects your strength (+4).
   It makes you vulnerable to fire.
   It protects you from cold.
 n - a cursed amulet of regeneration (around neck)
 r - a cursed +4 ring of evasion (left front leg)
 y - an uncursed ring of poison resistance
 B - an uncursed ring of resist corrosion
 W - the cursed ring of Phasing (right front leg) {EV+8}
   (You took it off a tengu conjurer on level 11 of the Dungeon)

   [ring of evasion]

   It affects your evasion (+8).
   It has a curse placed upon it.
 X - an uncursed ring of wizardry
 Z - the amulet of Besof {RegenMP rF+ MP+9}
   (You found it on level 6 of the Lair of Beasts)

   [amulet of magic regeneration]

   It increases your magic regeneration.
   It protects you from fire.
   It affects your magic capacity (+9).
Wands
 P - a wand of digging (15)
Scrolls
 c - 5 scrolls of immolation
 f - 12 scrolls of teleportation
 i - a scroll of identify
 j - 6 scrolls of remove curse
 k - 5 scrolls of fog
 l - 4 scrolls of fear
 u - 6 scrolls of amnesia
 v - a scroll of noise {unknown}
 A - 4 scrolls of magic mapping
 E - 2 scrolls of blinking
 I - a scroll of brand weapon {unknown}
 J - a scroll of vulnerability {unknown}
 L - a scroll of enchant armour {unknown}
 O - a scroll of silence {unknown}
 Y - a scroll of torment {unknown}
Potions
 g - a potion of ambrosia
 h - 3 potions of resistance
 p - 6 potions of mutation
 q - 4 potions of cancellation
 s - 2 potions of brilliance
 t - a potion of degeneration {unknown}
 w - 2 potions of haste
 x - 10 potions of curing
 z - 3 potions of invisibility
 D - a potion of agility {unknown}
 H - 3 potions of flight {unknown}
 K - a potion of magic {unknown}
 M - 3 potions of berserk rage
 N - 2 potions of might
 T - 4 potions of heal wounds {unknown}
Comestibles
 e - 41 rations {!d}


   Skills:
 + Level 16.9(21.1) Fighting
 + Level 11.7(17.0) Dodging
 - Level 5.6(11.1) Shields
 * Level 16.2(21.1) Unarmed Combat
 + Level 8.8(13.9) Spellcasting
 - Level 2.1(6.2) Summonings
 - Level 3.0(7.7) Translocations
 + Level 10.2(15.5) Transmutations
 - Level 1.9(5.9) Ice Magic
 - Level 0.7(3.3) Poison Magic


You had 14 spell levels left.
You knew the following spells:

 Your Spells              Type           Power        Failure   Level  Hunger
a - Beastly Appendage     Tmut           ######       1%          1    None
b - Sticks to Snakes      Tmut           ######..     1%          2    None
c - Spider Form           Tmut/Pois      ###          2%          3    None
d - Summon Butterflies    Summ           #####...     3%          1    None
e - Ice Form              Ice/Tmut       ######..     4%          4    None
f - Blade Hands           Tmut           ######....   2%          5    None
g - Blink                 Tloc           N/A          2%          2    None

Your spell library contained the following spells:

 Spells                   Type           Power        Failure   Level  Hunger
 Apportation              Tloc           #####.       2%          1    None
 Passwall                 Tmut/Erth      #####...     2%          2    None
 Call Imp                 Summ           #####.       4%          2    None
 Corona                   Hex            ##.....      16%         1    None
 Infusion                 Chrm           ##......     16%         1    None
 Magic Dart               Conj           ##..         16%         1    None
 Sandblast                Erth           ##....       16%         1    None
 Slow                     Hex            ##......     16%         1    None
 Mephitic Cloud           Conj/Pois/Air  ###.....     24%         3    None
 Conjure Flame            Conj/Fire      ##......     34%         3    None


Dungeon Overview and Level Annotations

Branches:
Dungeon (12/12)            Temple (0/1) D:5            Lair (6/6) D:8
  Swamp (0/3) Lair:2       Shoals (0/3) Lair:3        Slime (0/5) Lair:6
    Orc (1/1) D:8             Elf (1/3) Orc          Vaults (0/3) D:11
 Depths (0/5) D:12

Altars:
Ashenzari
Cheibriados
Makhleb
Nemelex Xobeh
Okawaru
Xom
Zin
Jiyva

Shops:
D:5 *   D:9 !   D:12 *   Orc *(*=*   Elf:1 }

Annotations:
Elf:1 4 runed doors


Innate Abilities, Weirdness & Mutations

You are too large for most types of armour.
((You have tough skin. (AC +1)))


Message History

The ironheart convoker points at the +2 hand axe of venom and mumbles some strange words.
The +2 hand axe of venom seems to grow stronger.
The +3 short sword of venom completely misses you.
The +2 dire flail of holy wrath completely misses you.
The ragged hierophant mumbles some strange words.
The ragged hierophant begins to accept its allies' injuries.
The +3 short sword of venom misses you.
The +2 dire flail of holy wrath hits you!
* * * LOW HITPOINT WARNING * * *
The ragged hierophant mumbles some strange words.
The ragged hierophant begins to accept its allies' injuries.
A crystal guardian comes into view.
You feel sick.
The peacekeeper roars a battlecry!
The saltlings go into a battle-frenzy!
The servant of whispers invokes the aid of its god against you.
The bolt of lightning hits the +2 dire flail of holy wrath.
The +2 dire flail of holy wrath completely resists.
The bolt of lightning hits you!!!
You die...

, , ** , , ,, ,.......)... ,,,
,,, * ,,, ...9......#..... ,,
,*, {,{ ..........##.... ,, ,*
,* ................ ,, ,,,,*
,*,, ,# ................ , , ∆∆
* ∆[#................ ,, ,..#*∆
∆ ,,#......#.......... .... ∆
,##................. , ,
....######.s................ ,
, ..........(........ ........
, ,
........9.(.................
,,,.......pp9p.................
,,,
......99p(..............#... ,,
,,.....p......................
, ,
,..#..pL..................... ,
,,#...9p.#...................
,,,
.......##...................


You could see 3 ragged hierophants, 3 servants of whispers, a halazid warlock, a
crystal guardian, an ironheart convoker, a peacekeeper, 4 saltlings and 3
dancing weapons.

Vanquished Creatures
  Gastronok (D:11)
  Rupert (Lair:6)
  The ghost of yrara the Cleaver, a journeyman DsFi of Gozag (Lair:2)
  A minotaur (Lair:2)
  2 dire elephants
  4 ragged hierophants (Desolation)
  A crystal guardian (Desolation)
  Harold (D:11)
  5 servants of whispers (Desolation)
  6 hydras
  Erolcha (D:11)
  5 vault guards (D:11)
  Erica (D:9)
  3 peacekeepers (Desolation)
  Sonja (D:12)
  2 catoblepae
  4 ogre magi
  An alligator (Lair:4)
  A dancing weapon (Elf:1)
  A tengu warrior (D:11)
  16 two-headed ogres
  9 death yaks
  A hell hog (Volcano)
  2 deep trolls
  2 centaur warriors
  A fire crab (Volcano)
  An orc knight (Orc)
  4 wolf spider zombies
  2 ironheart convokers (Desolation)
  4 cyclopes
  A wizard (D:11)
  2 wolf spiders
  A manticore (D:12)
  7 deep elf magi
  2 ugly things
  6 slime creatures
  A black mamba (Lair:6)
  9 elephants
  2 guardian serpents (Desolation)
  A gargoyle (D:11)
  3 molten gargoyles
  2 torpor snails (Lair:1)
  23 cane toads
  A yaktaur (D:11)
  4 komodo dragons
  A dryad (D:8)
  4 rime drakes
  A queen bee (Lair:5)
  2 eyes of draining
  A tengu conjurer (D:11)
  13 trolls
  A polar bear (Lair:2)
  Maurice (D:9)
  3 meliai (D:11)
  A hornet (D:10)
  3 tyrant leeches (Lair:6)
  35 saltlings (Desolation)
  12 hippogriffs
  24 blink frogs
  14 dream sheep
  2 water elementals (D:12)
  26 yaks
  6 basilisks
  6 fire bats (Volcano)
  2 humans
  A hungry ghost (D:10)
  4 hogs (D:9)
  A steam dragon (Volcano)
  9 vampire mosquitoes
  A warg (Orc)
  An acid dragon (Lair:3)
  6 crocodiles
  2 hell hounds (Volcano)
  6 porcupines
  9 water moccasins
  2 ice beasts
  3 black bears
  11 orc warriors
  4 sky beasts
  4 phantoms
  25 ogres
  16 bullfrogs
  4 wolves (Lair:1)
  3 kobold brigands
  3 centaurs
  A water moccasin zombie (D:9)
  A wyvern skeleton (D:8)
  3 scorpions
  27 killer bees
  A statue (D:8)
  3 wights (D:9)
  7 howler monkeys
  5 electric eels
  7 orc priests
  5 crimson imps
  2 bullfrog zombies (D:5)
  8 lava snakes (Volcano)
  Crazy Yiuf (D:6)
  5 hounds
  3 jellies
  A bullfrog skeleton (D:3)
  Jessica (D:2)
  Natasha (thrice) (D:4)
  3 hell rats (Lair:6)
  11 worker ants
  8 orc wizards
  A porcupine skeleton (D:10)
  2 hound zombies
  A hound skeleton (D:10)
  A worker ant zombie (D:6)
  A howler monkey skeleton (D:9)
  9 gnolls
  12 adders
  A river rat (D:6)
  A shadow imp (D:12)
  An ooze (D:3)
  2 adder zombies
  A worm (D:2)
  A dart slug (D:5)
  6 leopard geckos
  45 orcs
  A ball python (Sewer)
  9 giant cockroaches
  3 goblins
  2 hobgoblins
  8 jackals
  4 quokkas
  A bat (D:1)
  15 frilled lizards
  18 kobolds
  A quokka skeleton (D:5)
  4 rats
  A butterfly (Lair:6)
681 creatures vanquished.

Vanquished Creatures (collateral kills)
  A hydra (Lair:6)
  An elephant (Lair:6)
  6 dream sheep
  A blink frog (Lair:6)
  2 yaks (Lair:4)
  2 ogres (Orc)
  3 bullfrogs
  4 killer bees (Lair:5)
  2 electric eels (D:12)
  A hell rat (Lair:6)
  An ooze (D:2)
  3 orcs
  A ball python (D:2)
  A goblin (D:2)
  A hobgoblin (D:2)
  A jackal (D:2)
  2 kobolds (D:11)
33 creatures vanquished.

Vanquished Creatures (others)
  A troll (Orc)
  A bush (Lair:6)
  11 fungi
  52 plants
65 creatures vanquished.

Grand Total: 779 creatures vanquished

Notes
Turn   | Place    | Note
-------+----------+-------------------------------------------
     0 | D:1      | pecorinoman the Ogre Transmuter began the quest for the
                  | Orb.
     0 | D:1      | Reached XP level 1. HP: 19/19 MP: 3/3
   793 | D:2      | Reached XP level 2. HP: 27/27 MP: 3/5
   796 | D:2      | Learned a level 2 spell: Sticks to Snakes
   813 | D:2      | Found a sparkling altar of Nemelex Xobeh.
  1012 | D:2      | Got a twitching ivory ring
  1014 | D:2      | Identified the ring of the Tempest {Ice Str+4} (You found
                  | it on level 2 of the Dungeon)
  1028 | D:2      | Found a shattered altar of Ashenzari.
  1039 | D:2      | Became a worshipper of Ashenzari the Shackled
  1040 | D:2      | Found the cursed amulet of Vision {SInv *Curse}
  1087 | D:2      | Noticed Jessica
  1099 | D:2      | Killed Jessica
  1100 | D:2      | Reached XP level 3. HP: 27/33 MP: 3/6
  1326 | D:2      | Reached XP level 4. HP: 28/41 MP: 5/7
  1619 | D:2      | Learned a level 3 spell: Spider Form
  2016 | D:3      | Reached * piety under Ashenzari
  2399 | D:3      | Reached XP level 5. HP: 49/49 MP: 8/8
  2974 | D:4      | Reached XP level 6. HP: 62/62 MP: 11/11
  2989 | D:4      | Reached ** piety under Ashenzari
  3053 | D:4      | Noticed Natasha
  3058 | D:4      | Killed Natasha
  3139 | D:4      | Noticed Natasha
  3145 | D:4      | Killed Natasha
  3242 | D:4      | Learned a level 1 spell: Summon Butterflies
  3574 | D:4      | Noticed Natasha
  3580 | D:4      | Killed Natasha
  3806 | D:5      | Entered Level 5 of the Dungeon
  3835 | D:5      | Reached XP level 7. HP: 71/71 MP: 13/13
  3859 | D:5      | Reached skill level 5 in Fighting
  3859 | D:5      | Reached skill level 1 in Summonings
  3897 | D:5      | Reached skill level 5 in Spellcasting
  3957 | D:5      | Found an iron altar of Okawaru.
  4093 | D:5      | Found a staircase to the Ecumenical Temple.
  4097 | D:5      | Found Ysson's General Store.
  4227 | D:5      | Reached XP level 8. HP: 81/83 MP: 16/16
  4243 | D:5      | Reached *** piety under Ashenzari
  4737 | D:6      | Learned a level 4 spell: Ice Form
  4801 | D:6      | Reached skill level 1 in Ice Magic
  4950 | D:6      | Found a glowing silver altar of Zin.
  4950 | D:6      | Noticed an angel
  5109 | D:6      | Reached skill level 5 in Transmutations
  5190 | D:6      | Found a glowing drain.
  5202 | Sewer    | Entered a sewer
  5756 | D:6      | Found a runed door.
  5757 | D:6      | Identified the +2 mace "Eterphedi" {drain, +Inv Int+8
                  | Stlth-}
  5761 | D:6      | Noticed Crazy Yiuf
  5762 | D:6      | Identified the cursed +1 mace of the Shore {freeze, Str+5
                  | Dex-5}
  5764 | D:6      | Killed Crazy Yiuf
  5765 | D:6      | Reached XP level 9. HP: 93/93 MP: 18/18
  6033 | D:6      | Reached skill level 5 in Unarmed Combat
  6197 | D:7      | Found a burning altar of Makhleb.
  6508 | D:7      | Found a shimmering altar of Xom.
  6509 | D:7      | Reached **** piety under Ashenzari
  6532 | D:8      | Noticed a troll
  6542 | D:8      | Killed a troll
  6808 | D:8      | Killed a large slime creature
  6809 | D:8      | Reached XP level 10. HP: 101/107 MP: 16/19
  7021 | D:8      | Found a staircase to the Orcish Mines.
  7132 | D:8      | Found a staircase to the Lair.
  7134 | D:8      | Noticed an elephant
  7147 | D:8      | Killed an elephant
  7148 | D:8      | Reached skill level 5 in Dodging
  7165 | D:8      | Reached skill level 10 in Fighting
  7744 | D:9      | Noticed Erica
  7755 | D:9      | Killed Erica
  7756 | D:9      | Reached XP level 11. HP: 119/119 MP: 18/20
  7879 | D:9      | Found Tuple's Distillery.
  7903 | D:9      | Reached ***** piety under Ashenzari
  7962 | D:9      | Noticed a centaur warrior
  7973 | D:9      | Killed a centaur warrior
  8170 | D:9      | Noticed Maurice
  8183 | D:9      | Killed Maurice
  8532 | D:10     | Entered Level 10 of the Dungeon
  8641 | D:10     | Noticed a five-headed hydra
  8655 | D:10     | Killed a five-headed hydra
  8656 | D:10     | Reached skill level 10 in Unarmed Combat
  8813 | D:10     | Noticed a two-headed ogre
  8825 | D:10     | Reached XP level 12. HP: 108/130 MP: 21/21
  8831 | D:10     | Killed a two-headed ogre
  9373 | D:11     | Noticed Gastronok
  9387 | D:11     | Killed Gastronok
  9418 | D:11     | Noticed Erolcha
  9428 | D:11     | Killed Erolcha
  9591 | D:11     | Noticed Harold
  9601 | D:11     | Killed Harold
  9650 | D:11     | Reached XP level 13. HP: 126/141 MP: 22/22
  9715 | D:11     | Reached skill level 1 in Shields
  9778 | D:11     | Noticed a vault guard
  9778 | D:11     | Noticed a vault guard
  9785 | D:11     | Noticed a vault guard
  9797 | D:11     | Killed a vault guard
  9860 | D:11     | Killed a vault guard
  9903 | D:11     | Killed a vault guard
  9923 | D:11     | Found a gate to the Vaults.
  9923 | D:11     | Noticed a vault guard
  9923 | D:11     | Noticed a vault guard
  9929 | D:11     | Killed a vault guard
  9934 | D:11     | Killed a vault guard
 10505 | D:12     | Entered Level 12 of the Dungeon
 10505 | D:12     | Found Bomischah's General Store.
 10534 | D:12     | Noticed Sonja
 10555 | D:12     | Killed Sonja
 10799 | D:12     | Reached XP level 14. HP: 53/156 MP: 23/23
 11326 | D:12     | Found a staircase to the Depths.
 11326 | D:12     | Noticed a dire elephant
 11344 | D:12     | Killed a dire elephant
 11561 | Lair:1   | Entered Level 1 of the Lair of Beasts
 11582 | Lair:1   | Found a snail-covered altar of Cheibriados.
 11655 | Lair:1   | Found a dark tunnel.
 11664 | Volcano  | Entered a volcano
 11773 | Volcano  | Reached ****** piety under Ashenzari
 11991 | Volcano  | Found a radiant altar of Vehumet.
 12015 | Volcano  | Reached skill level 5 in Shields
 12827 | Lair:2   | Found a runed translucent gate.
 12827 | Lair:2   | Found a runed translucent gate.
 12827 | Lair:2   | Found a runed translucent gate.
 12828 | Lair:2   | Noticed yrara's ghost (journeyman DsFi)
 13439 | Lair:2   | Found a staircase to the Swamp.
 13987 | Lair:2   | Killed yrara's ghost
 14114 | Lair:3   | Found a staircase to the Shoals.
 14255 | Lair:3   | Reached skill level 10 in Dodging
 14737 | Lair:3   | Reached skill level 15 in Fighting
 15427 | Lair:4   | Reached XP level 15. HP: 167/167 MP: 24/24
 16369 | Lair:6   | Entered Level 6 of the Lair of Beasts
 16453 | Lair:6   | Reached skill level 15 in Unarmed Combat
 17022 | Lair:6   | Noticed Rupert
 17078 | Lair:6   | Killed Rupert
 17151 | Lair:6   | Reached XP level 16. HP: 177/179 MP: 27/27
 17426 | Lair:6   | Identified the amulet of Besof {RegenMP rF+ MP+9}
 17519 | Lair:6   | Found a viscous altar of Jiyva.
 17522 | Lair:6   | Found a staircase to the Slime Pits.
 17949 | Orc      | Entered the Orcish Mines
 17949 | Orc      | Found a staircase to the Elven Halls.
 18208 | D:8      | Learned a level 5 spell: Blade Hands
 18231 | D:8      | Learned a level 2 spell: Blink
 18313 | Orc      | Found Kasiluas's Jewellery Shop.
 18315 | Orc      | Found Melaerpha's Assorted Antiques.
 18342 | Orc      | Reached skill level 1 in Translocations
 18352 | Orc      | Found Bummogog's Antique Weapon Boutique.
 18353 | Orc      | Found Orilol's General Store.
 18504 | Orc      | Found Offeup's Assorted Antiques.
 18783 | Elf:1    | Entered Level 1 of the Elven Halls
 18783 | Elf:1    | Found a runed gate.
 18783 | Elf:1    | Found a runed gate.
 18783 | Elf:1    | Found a runed gate.
 18783 | Elf:1    | Found a runed gate.
 18783 | Elf:1    | Found a runed gate.
 18783 | Elf:1    | Found a runed gate.
 18785 | Elf:1    | Found a runed door.
 18877 | Elf:1    | Found a runed door.
 18943 | Elf:1    | Found Pevvy's Gadget Shoppe.
 18959 | Elf:1    | Found a crumbling gateway.
 18966 | Desolati | Entered the Desolation of Salt
 19071 | Desolati | Reached skill level 10 in Transmutations
 19072 | Desolati | Identified the +10 glaive of the Warrior-Mage {antimagic,
                  | Dex+3}
 19072 | Desolati | Identified the ring "Zuysk" {MP+9 Slay+3}
 19079 | Desolati | Identified the +1 robe "Damnable Contraption" {rC+ rN+
                  | Stlth-}
 19485 | Desolati | Killed from afar by a servant of whispers

Skill      XL: |  1  2  3  4  5  6  7  8  9 10 11 12 13 14 15 16 |
---------------+-------------------------------------------------+-----
Transmutations | 2 3 4 5 6 7 8 9 10 | 10.2
Fighting       | 3 4 6 7 9 10 11 12 14 15 16 | 16.9
Spellcasting   | 3 4 5 6 7 8 |  8.8
Summonings     | 2 |  2.1
Unarmed Combat | 4 6 8 10 11 13 14 15 16 | 16.2
Ice Magic      | 1 |  1.9
Dodging        | 2 4 5 6 8 9 10 11 | 11.7
Shields        | 4 5 |  5.6
Translocations | 3 |  3.0
Poison Magic   | |  0.7

Action                   |  1- 3 |  4- 6 |  7- 9 | 10-12 | 13-15 | 16-18 || total
-------------------------+-------+-------+-------+-------+-------+-------++-------
Melee: Unarmed           |    49 |    77 |   335 |   410 |   891 |   301 ||  2063
       Headbutt          |     3 |       |       |       |       |       ||     3
       Kick              |     2 |       |       |       |       |       ||     2
       Whip              |    20 |    31 |       |       |       |    26 ||    77
       Punch             |     1 |       |       |       |       |    17 ||    18
 Cast: Beastly Appendage |     7 |       |       |       |       |       ||     7
       Sticks to Snakes  |     4 |     1 |     3 |    10 |    43 |    10 ||    71
       Spider Form       |       |     6 |     2 |     2 |     3 |     3 ||    16
       Ice Form          |       |       |     3 |     1 |     3 |       ||     7
       Blade Hands       |       |       |       |       |       |    15 ||    15
       Blink             |       |       |       |       |       |     1 ||     1
Invok: Curse Item        |     3 |       |     3 |     1 |       |     3 ||    10
 Abil: End Transformatio |       |       |     4 |     3 |     6 |     3 ||    16
  Use: Scroll            |     3 |       |     4 |       |    12 |     2 ||    21
 Stab: Sleeping          |       |     3 |     1 |       |       |       ||     4
       Distracted        |       |       |     1 |     2 |     8 |     2 ||    13
  Eat: Chunk             |     3 |    12 |    13 |    16 |    34 |    12 ||    90
       Ration            |       |       |     1 |       |     1 |       ||     2
Armor: Robe              |    19 |     8 |       |       |       |       ||    27
       Skin              |       |     3 |    11 |     6 |    31 |     5 ||    56
       Troll leather arm |       |       |       |       |       |    10 ||    10
Dodge: Dodged            |    37 |    77 |   458 |   393 |   985 |   506 ||  2456
Block: Medium shield     |       |       |       |       |       |    22 ||    22
